AoeStats
← Fireworks

Lombardia

508492195Analyzed
4v4 RM · 10d ago on Sep 22, 2026· 19m 53s· 8 players
Game mode
Random Map
Map size
Large (8 player)
Population
200
Speed
Normal
Resources
Standard
Victory
Conquest
Starting age
Dark Age
Ending age
Imperial Age
RankedLock teamsTeams togetherTeam positionsShared explorationLock speedFull tech treeHidden civsTurbo modeCheats
Victory
Defeat
🇨🇳 Spanish · China
1480
+13
🇨🇳 Khitans · China
1462
+14
🇨🇳 Saracens · China
1365
+18
🇨🇳 Mongols · China
1318
+19
🇷🇺 Varangians · Russia
1425
-17
🇸🇪 Hindustanis · Sweden
1409
-16
🇳🇱 Saxons · Netherlands
1405
-16
🇸🇪 Huns · Sweden
1385
-15
Mowgli
6:21 Loom
8:57 Feudal Age
10:19 Double-Bit Axe
13:24 Horse Collar
Goen
11:04 Feudal Age
11:56 Double-Bit Axe
14:42 Castle Age
12:49 Horse Collar
15:16 Loom
JustPlayer
3:39 Loom
7:00 Loom
9:36 Feudal Age
11:19 Double-Bit Axe
It'sFriday
9:06 Loom
10:52 Feudal Age
12:33 Horse Collar
12:40 Double-Bit Axe
15:33 Castle Age
13:45 Fletching
14:41 Gold Mining
Fireworks
9:05 Feudal Age
8:25 Loom
10:33 Double-Bit Axe
15:10 Forging
15:47 Scale Barding Armor
16:54 Wheelbarrow
21:54 Castle Age
860
6:31 Loom
8:50 Feudal Age
10:17 Double-Bit Axe
10:42 Horse Collar
15:40 Forging
21:25 Castle Age
喜足天
8:56 Loom
11:08 Feudal Age
15:11 Castle Age
15:22 Wheelbarrow
15:56 Horse Collar
18:58 Double-Bit Axe
老狐狸
8:57 Feudal Age
8:41 Loom
12:09 Fletching
17:58 Padded Archer Armor
17:45 Horse Collar
Connection lost

Rejoining the realm…

Still unreachable

The connection could not be restored.

Session expired

The server has moved on; the page needs a fresh start.